 Dungeon Crawl Stone Soup version 0.23-a0-296-ga3b1b28 (webtiles) character file.

20972 Amnesiac the Umbral (level 12, -2/91 HPs)
             Began as a Mummy Air Elementalist on Oct 5, 2018.
             Was an Elder of Dithmenos.
             Slain by a two-headed ogre
             ... wielding the +5 dire flail of Paipt {crush, Str+4}
              (34 damage)
             ... on level 9 of the Dungeon on Oct 6, 2018.
             The game lasted 00:49:27 (23256 turns).

Amnesiac the Umbral (Mummy Air Elementalist)       Turns: 23256, Time: 00:49:27

Health: -2/91      AC:  3    Str: 11    XL:     12   Next: 50%
Magic:  15/25      EV: 15    Int: 20    God:    Dithmenos [****..]
Gold:   1022       SH:  0    Dex: 12    Spells: 15/29 levels left

rFire    + . .     SeeInvis .   q - staff of air
rCold    . . .     Gourm    .   (no shield)
rNeg     + + +     Faith    .   E - +0 robe {rF+}
rPois    ∞         Spirit   .   (no helmet)
rElec    +         Reflect  .   (no cloak)
rCorr    .         Harm     .   i - +0 pair of gloves
MR       +....                  (no boots)
Stlth    ++........             j - amulet of regeneration
HPRegen  0.65/turn              c - ring of fire
MPRegen  0.19/turn              o - ring of wizardry

@: very slightly contaminated, wreathed by umbra
A: no food or potions, fire vulnerability, cold resistance 1, negative energy
resistance 3, torment resistance, unbreathing
a: Shadow Step, Renounce Religion


You were on level 9 of the Dungeon.
You worshipped Dithmenos.
Dithmenos was greatly pleased with you.
You were not hungry.

You visited 3 branches of the dungeon, and saw 13 of its levels.
You also visited: Volcano.

You collected 1022 gold pieces.

Inventory:

Hand Weapons
 b - a +0 blowgun
Missiles
 l - 81 poisoned needles
 u - 8 curare-tipped needles
Armour
 i - a +0 pair of gloves (worn)
 E - a +0 robe of fire resistance (worn)
Magical Staves
 q - an uncursed staff of air (weapon)
 C - an uncursed staff of fire
Jewellery
 c - a ring of fire (left hand)
 e - an uncursed amulet of guardian spirit
 j - an amulet of regeneration (around neck)
 o - a ring of wizardry (right hand)
 p - an uncursed ring of see invisible
 s - a +4 ring of evasion
Wands
 r - a wand of digging (29)
 t - a wand of polymorph (29)
 w - a wand of paralysis (13)
 F - a wand of flame (65)
Scrolls
 d - 6 scrolls of teleportation {!r}
 f - 2 scrolls of fear {!r}
 g - 2 scrolls of fog {!r}
 h - 3 scrolls of immolation {!r}
 k - 9 scrolls of remove curse {!r}
 m - 3 scrolls of magic mapping {!r}
 n - 2 scrolls of blinking {!r}
 v - a scroll of noise {!r}
 x - a scroll of brand weapon {!r}
 y - 2 scrolls of enchant weapon {!r}
 z - 3 scrolls of amnesia {!r}
 A - 3 scrolls of identify {!r}
 B - 3 scrolls of enchant armour {!r}
 D - a scroll of vulnerability {!r}


   Skills:
 - Level 7.0 Fighting
 * Level 4.1 Staves
 - Level 7.1 Dodging
 - Level 1.5 Stealth
 + Level 9.2 Spellcasting
 - Level 0.7 Conjurations
 - Level 8.0 Air Magic
 - Level 9.5 Invocations
 - Level 6.5 Evocations


You had 15 spell levels left.
You knew the following spells:

 Your Spells              Type           Power        Failure   Level  Hunger
a - Airstrike             Air            ######....   1%          4    N/A
b - Summon Butterflies    Summ           #.......     3%          1    N/A
c - Apportation           Tloc           #.....       3%          1    N/A
d - Lightning Bolt        Conj/Air       #####.....   14%         5    N/A
e - Shock                 Conj/Air       ####         1%          1    N/A
z - Swiftness             Chrm/Air       #####...     1%          2    N/A

Your spell library contained the following spells:

 Spells                   Type           Power        Failure   Level  Hunger
 Static Discharge         Conj/Air       #####...     1%          3    N/A
 Lesser Beckoning         Tloc           #.........   9%          3    N/A
 Tukima's Dance           Hex            #.......     9%          3    N/A
 Alistair's Intoxication  Tmut/Pois      #.......     61%         5    N/A
 Invisibility             Hex            #.......     98%         6    N/A

Dungeon Overview and Level Annotations

Branches:
Dungeon (11/15)            Temple (1/1) D:7            Lair (0/6) D:10
    Orc (1/2) D:9

Altars:
Ashenzari
Cheibriados
Dithmenos
Elyvilon
Fedhas
Gozag
Hepliaklqana
Kikubaaqudgha
Makhleb
Nemelex Xobeh
Okawaru
Qazlal
Ru
Sif Muna
Trog
Uskayaw
Vehumet
Wu Jian
Xom
Yredelemnul
Zin
The Shining One

Shops:
D:6 (   Orc:1 [

Annotations:
D:9 Grum; tsouns's ghost, novice DrWn


Innate Abilities, Weirdness & Mutations

You do not eat or drink.
Your flesh is vulnerable to fire.
You are immune to poison.
Your flesh is cold resistant. (rC+)
You are immune to negative energy. (rN+++)
You are immune to unholy pain and torment.
You can survive without breathing.


Message History

Dithmenos accepts your kill.
Grum growls.
There is an open door here.
There is an open door here.
Grum lets out an intimidating howl.
There is an open door here.
Casting: Lightning Bolt (slightly dangerous; 14% risk of failure)
Confirm with . or Enter, or press ? or * to list all spells.
You don't know that spell.
Unknown command.
Casting: Lightning Bolt (slightly dangerous; 14% risk of failure)
Confirm with . or Enter, or press ? or * to list all spells.
Aiming: Lightning Bolt (slightly dangerous; 14% risk of failure)
Press: ? - help, Shift-Dir - straight line
Okay, then.
Casting: Lightning Bolt (slightly dangerous; 14% risk of failure)
Confirm with . or Enter, or press ? or * to list all spells.
Okay, then.
You start resting.
HP restored.
There is an open door here.
There is an open door here.
There is an open door here.
Key pressed, stopping explore.
Things that are here:
a giant club x2; a two-headed ogre corpse
Things that are here:
a giant club; an ogre corpse Done exploring.
Done exploring.
Done exploring.
The ogre shouts!
There is a transporter here.
You enter the transporter and appear at another place.
The two-headed ogre shouts in stereo!
There is a transporter here.
You enter the transporter and appear at another place.
The two-headed ogre closely misses you.
The two-headed ogre hits you but does no damage.
Casting: Lightning Bolt (slightly dangerous; 14% risk of failure)
Confirm with . or Enter, or press ? or * to list all spells.
Aiming: Lightning Bolt (slightly dangerous; 14% risk of failure)
Press: ? - help, Shift-Dir - straight line, f - two-headed ogre
Aim: a two-headed ogre, wielding an iridescent dire flail {crush} and a twisted You feel a surge of power!
You hear a mighty clap of thunder!
The bolt of lightning hits the two-headed ogre.
The two-headed ogre is moderately wounded.
The bolt of lightning hits the two-headed ogre.
The two-headed ogre is heavily wounded.
The two-headed ogre barely misses you. The two-headed ogre misses you.
Casting: Lightning Bolt (slightly dangerous; 14% risk of failure)
Confirm with . or Enter, or press ? or * to list all spells.
Aiming: Lightning Bolt (slightly dangerous; 14% risk of failure)
Press: ? - help, Shift-Dir - straight line, f/p - two-headed ogre
Aim: a two-headed ogre, wielding an iridescent dire flail {crush} and a twisted You feel a surge of power!
You miscast Lightning Bolt.
You are very lightly contaminated with residual magic.
A wave of violent energy washes through your body!
The two-headed ogre hits you with an iridescent dire flail {crush}!!
The two-headed ogre hits you with a twisted dire flail {holy}!!
* * * LOW HITPOINT WARNING * * *
You convulse!!
You die...

.# #.#
#...........########. .#
#.# #......≈.............
.# #.#
#...........######### .#
#.# #...........# ## #.#
#...........# # #.#
#.......≈...#
####'########...........#
##.........##...........#
##.........#####@O.####.#
##..............©.©.....#
##.......))##############
##.........#....O}$....##
####'#######.#..#.#..#.#
# #...# #..##!..##..# #
#...# #..##...##.W# #
#...# #.#..#.#..#.# #
#...# #.....©..W.§#


You could see a two-headed ogre, an ogre and tsouns's ghost.

Vanquished Creatures
  An orc warlord (D:9)
  A stone giant (D:9)
  A hydra (D:11)
  2 two-headed ogres
  A sun demon (Volcano)
  An unseen horror (D:9)
  An orc knight (Orc:1)
  An orc sorcerer (Volcano)
  5 ugly things
  2 molten gargoyles (Volcano)
  A spiny frog (shapeshifter) (D:11)
  A red devil (Volcano)
  A queen bee (D:11)
  5 trolls
  A hornet (D:11)
  Prince Ribbit (D:9)
  3 hippogriffs (D:9)
  Sigmund (D:2)
  A shadow (D:9)
  A vampire (D:9)
  A wyvern (D:10)
  2 fire bats (Volcano)
  A basilisk (D:11)
  A hungry ghost (D:11)
  5 wargs
  A water moccasin (D:11)
  An acid dragon (D:11)
  18 orc warriors
  5 sky beasts
  An ice beast (D:10)
  2 phantoms (D:5)
  8 ogres
  A necrophage (D:5)
  3 wolves (D:9)
  7 centaurs
  A big kobold (D:7)
  5 bullfrogs
  Blork the orc (D:6)
  2 wyvern zombies
  A scorpion (D:10)
  16 killer bees (D:11)
  4 wights (D:10)
  7 howler monkeys
  3 electric eels (D:4)
  A centaur zombie (D:5)
  A crimson imp (D:8)
  4 jellies
  5 lava snakes (Volcano)
  A quasit (D:5)
  2 bullfrog zombies (D:9)
  3 centaur skeletons
  13 hounds
  12 orc priests
  6 iguanas
  4 worker ants
  9 orc wizards
  2 killer bee zombies
  A howler monkey zombie (D:6)
  A worker ant zombie (D:7)
  18 gnolls
  12 adders
  4 shadow imps
  2 oozes
  An adder zombie (D:6)
  2 adder skeletons
  3 worms
  A dart slug (D:3)
  4 leopard geckos
  68 orcs
  5 giant cockroaches
  9 hobgoblins
  18 jackals
  7 quokkas
  11 bats
  6 frilled lizards
  A giant cockroach zombie (D:5)
  11 goblins
  14 kobolds
  A leopard gecko skeleton (D:8)
  A quokka zombie (D:8)
  5 rats
398 creatures vanquished.

Notes
Turn   | Place    | Note
-------+----------+-------------------------------------------
     0 | D:1      | Amnesiac the Mummy Air Elementalist began the quest for the
                  | Orb.
     0 | D:1      | Reached XP level 1. HP: 13/13 MP: 4/4
    65 | D:1      | Reached XP level 2. HP: 19/19 MP: 0/5
   112 | D:1      | Learned a level 2 spell: Swiftness
   547 | D:2      | Reached XP level 3. HP: 24/24 MP: 2/7
   711 | D:3      | Noticed a centaur
  1753 | D:3      | Killed a centaur
  1753 | D:3      | Reached XP level 4. HP: 14/30 MP: 0/10
  1753 | D:3      | Reached XP level 5. HP: 16/35 MP: 0/11
  1759 | D:3      | Learned a level 4 spell: Airstrike
  1765 | D:3      | Learned a level 5 spell: Lightning Bolt
  2487 | D:4      | Noticed an orc warrior
  3473 | D:3      | Reached XP level 6. HP: 37/41 MP: 9/13
  3872 | D:4      | Found a basalt altar of Yredelemnul.
  3882 | D:4      | Reached skill level 5 in Air Magic
  3891 | D:4      | Found a shimmering altar of Xom.
  3892 | D:4      | Found a glowing golden altar of the Shining One.
  3900 | D:4      | Found a snail-covered altar of Cheibriados.
  4250 | D:4      | Killed an orc warrior
  4250 | D:4      | Reached skill level 5 in Spellcasting
  4349 | D:4      | Found a transporter.
  4506 | D:4      | Found an opulent altar of Gozag.
  4609 | D:4      | Found a transporter.
  4858 | D:5      | Entered Level 5 of the Dungeon
  4899 | D:5      | Reached XP level 7. HP: 39/46 MP: 3/15
  5308 | D:5      | Reached skill level 1 in Fighting
  6217 | D:6      | Reached XP level 8. HP: 43/56 MP: 6/17
  6466 | D:6      | Noticed Blork the orc
  6567 | D:6      | Killed Blork the orc
  6911 | D:6      | Found Kiloen's Weapon Emporium.
  7135 | D:6      | Reached skill level 5 in Dodging
  8347 | D:7      | Reached XP level 9. HP: 65/65 MP: 6/18
  8733 | D:7      | Found a staircase to the Ecumenical Temple.
  8739 | Temple   | Entered the Ecumenical Temple
  8959 | Temple   | Became a worshipper of Dithmenos the Shadowed
  9481 | D:2      | Noticed Sigmund
  9488 | D:2      | Killed Sigmund
 10062 | D:1      | Reached * piety under Dithmenos
 10701 | D:7      | Found an ornate altar of the Wu Jian Council.
 10878 | D:8      | Reached skill level 5 in Fighting
 10916 | D:8      | Found an ancient bone altar of Kikubaaqudgha.
 12210 | D:9      | Reached XP level 10. HP: 77/77 MP: 4/20
 12353 | D:9      | Reached ** piety under Dithmenos
 12449 | D:9      | Learned a level 1 spell: Summon Butterflies
 12451 | D:9      | Learned a level 1 spell: Apportation
 12589 | D:9      | Found a staircase to the Orcish Mines.
 12690 | D:9      | Reached skill level 1 in Evocations
 12911 | D:9      | Noticed Prince Ribbit
 12914 | D:9      | Killed Prince Ribbit
 13028 | D:9      | Found a transporter.
 13033 | D:9      | Noticed tsouns's ghost (novice DrWn)
 13033 | D:9      | Noticed a two-headed ogre
 13034 | D:9      | Noticed a two-headed ogre
 13545 | D:9      | Killed an unseen horror
 13847 | D:9      | Reached skill level 1 in Invocations
 14051 | D:10     | Entered Level 10 of the Dungeon
 15100 | D:10     | Reached skill level 5 in Invocations
 15208 | D:10     | Found a staircase to the Lair.
 15716 | D:10     | Reached *** piety under Dithmenos
 15917 | D:10     | Reached XP level 11. HP: 84/84 MP: 10/21
 16298 | D:11     | Noticed a brown ugly thing
 16307 | D:11     | Killed a brown ugly thing
 16460 | D:11     | Noticed an orb spider
 16460 | D:11     | an orb spider changed into something unseen
 17349 | D:11     | Noticed a two-headed ogre
 17362 | D:11     | Killed a two-headed ogre
 17362 | D:11     | Reached skill level 5 in Evocations
 17515 | D:11     | Noticed a seven-headed hydra
 17863 | D:11     | Killed a seven-headed hydra
 18168 | D:11     | Noticed a purple ugly thing
 18185 | D:11     | Killed a purple ugly thing
 18394 | D:11     | Reached **** piety under Dithmenos
 18827 | Orc:1    | Entered Level 1 of the Orcish Mines
 18877 | Orc:1    | Found a dark tunnel.
 18897 | Orc:1    | Noticed a stone giant
 18950 | Volcano  | Entered a volcano
 19716 | Volcano  | Found a bloodstained altar of Trog.
 19716 | Volcano  | Noticed a red ugly thing
 19716 | Volcano  | Noticed a red ugly thing
 19716 | Volcano  | Noticed a sun demon
 19716 | Volcano  | Noticed a red ugly thing
 19723 | Volcano  | Killed a red ugly thing
 19754 | Volcano  | Killed a red ugly thing
 19891 | Volcano  | Killed a purple ugly thing
 20292 | Volcano  | Killed a sun demon
 20292 | Volcano  | Reached XP level 12. HP: 68/91 MP: 0/24
 20765 | D:9      | Killed a stone giant
 21455 | Orc:1    | Found Fuacheuf's Antique Armour Shop.
 21477 | Orc:1    | Reached skill level 1 in Staves
 22347 | Orc:1    | Noticed an orc warlord
 22674 | D:9      | Killed an orc warlord
 23090 | D:9      | Found a transporter.
 23096 | D:9      | Noticed Grum
 23108 | D:9      | Killed a two-headed ogre
 23256 | D:9      | Identified the +5 dire flail of Paipt {crush, Str+4}
 23256 | D:9      | Slain by a two-headed ogre

Vault maps used:
D:1:      dpeg_arrival_stone_temple_mockup
D:2:      uniq_sigmund
D:3:      first_ration
D:4:      gammafunk_steamed_eel, lemuel_coloured_pillars_altar,
          nicolae_overflow_quartered_altars
D:6:      serial_shops, shop_fountains, uniq_blork_the_orc
D:7:      marbit_many_paths, minmay_temple_entry_fiery
D:8:      kiku_gazebo_pond_becter
D:9:      erik_orc_3, gammafunk_ghost_smash, uniq_prince_ribbit1, uniq_grum
D:10:     erik_lair_orcish_takeover
D:11:     david_nohive_1, glass_columns_c
Temple:   regret_index_temple_generic_petals
Orc:1:    nicolae_volcano_entry_lava_flow, serial_shops, shop_fountains
Volcano:  volcano_lake

Skill      XL: |  1  2  3  4  5  6  7  8  9 10 11 12 |
---------------+-------------------------------------+-----
Air Magic      | 3 4 5 6 7 8 |  8.0
Spellcasting   | 3 4 5 6 7 8 9 |  9.2
Dodging        | 3 5 7 |  7.1
Fighting       | 2 4 6 7 |  7.0
Evocations     | 4 6 |  6.5
Invocations    | 6 9 |  9.5
Staves         | 4 |  4.1
Stealth        | |  1.5
Conjurations   | |  0.7

Action                   |  1- 3 |  4- 6 |  7- 9 | 10-12 || total
-------------------------+-------+-------+-------+-------++-------
Melee: Unarmed           |     7 |       |     5 |       ||    12
       Blowgun           |       |       |     1 |       ||     1
       Staff             |       |       |     7 |    15 ||    22
 Fire: Blowgun           |       |    60 |    18 |       ||    78
 Cast: Shock             |    68 |    75 |   167 |   147 ||   457
       Airstrike         |       |    26 |   131 |   274 ||   431
       Lightning Bolt    |       |       |     1 |    20 ||    21
       Swiftness         |       |       |       |     1 ||     1
Evoke: Wand              |       |       |       |    18 ||    18
       Phantom mirror    |       |       |       |     1 ||     1
  Use: Scroll            |       |     5 |     8 |     4 ||    17
Armor: Robe              |     5 |     8 |     5 |     7 ||    25
Dodge: Dodged            |    27 |    44 |    96 |   190 ||   357

Table legend:
 A = Non-vault XP
 B = Vault XP
 C = Vault XP percentage of total XP
 D = Non-vault monster count
 E = Vault monster count
 F = Vault count percentage of total count
                 A         B        C        D         E       F
            +---------+---------+-------+---------+---------+-------
      Total |   20444 |    9517 |  31.8 |     331 |      67 |  16.8
            +---------+---------+-------+---------+---------+-------
        D:1 |      44 |       0 |   0.0 |      22 |       0 |   0.0
        D:2 |     113 |     220 |  66.1 |      24 |       1 |   4.0
        D:3 |     283 |       0 |   0.0 |      37 |       0 |   0.0
        D:4 |     306 |     155 |  33.6 |      18 |       3 |  14.3
        D:5 |     700 |       0 |   0.0 |      14 |       0 |   0.0
        D:6 |    1285 |      91 |   6.6 |      40 |       1 |   2.4
        D:7 |     442 |     130 |  22.7 |      23 |       1 |   4.2
        D:8 |     864 |     130 |  13.1 |      22 |       1 |   4.3
        D:9 |    5779 |    2094 |  26.6 |      25 |      18 |  41.9
       D:10 |    2161 |     715 |  24.9 |      32 |      10 |  23.8
       D:11 |    5313 |    1299 |  19.6 |      33 |      17 |  34.0
      Orc:1 |    3154 |       0 |   0.0 |      41 |       0 |   0.0
    Volcano |       0 |    4683 | 100.0 |       0 |      15 | 100.0
            +---------+---------+-------+---------+---------+-------
